 Dungeon Crawl Stone Soup version 0.26-a0-844-g3dd439832f (webtiles) character file.

Game seed: 13111731090890761151

104 bastard the Poker (level 4, -1/33 HPs)
             Began as a Merfolk Gladiator on Nov 18, 2020.
             Slain by a wight
             ... wielding a +5 mace
              (6 damage)
             ... on level 2 of the Dungeon.
             The game lasted 00:02:39 (2020 turns).

bastard the Poker (Merfolk Gladiator)               Turns: 2020, Time: 00:02:41

Health: -1/33      AC:  5    Str: 14    XL:     4   Next: 80%
Magic:  4/4        EV: 13    Int:  7    God:
Gold:   160        SH:  0    Dex: 16    Spells: 3/3 levels left

rFire    . . .     SeeInvis .   a - +0 trident
rCold    . . .     Faith    .   (no shield)
rNeg     . . .     Spirit   .   b - +0 leather armour
rPois    .         Reflect  .   c - +1 helmet
rElec    .         Harm     .   (no cloak)
rCorr    .         Rampage  .   (no gloves)
MR       .....                  (no boots)
Stlth    +.........             (no amulet)
HPRegen  0.11/turn              (no ring)
MPRegen  0.09/turn              (no ring)

@: drained
A: change form in water, swift swim, stealthy swim
a: no special abilities


You were on level 2 of the Dungeon.
You visited 1 branch of the dungeon, and saw 3 of its levels.

You collected 160 gold pieces.

Inventory:

Hand Weapons
 a - a +0 trident (weapon)
Missiles
 d - 2 throwing nets (quivered)
Armour
 b - a +0 leather armour (worn)
 c - a +1 helmet (worn)
Wands
 o - a wand of paralysis (13)
Scrolls
 f - a scroll of identify
 g - 2 scrolls of teleportation
 h - a scroll of remove curse
 j - a scroll of fear
 k - a scroll of enchant armour
Potions
 e - a potion of curing
 l - a potion of lignification
 n - a potion of attraction
 p - a potion of haste


   Skills:
 - Level 2.1(1.3) Fighting
 + Level 7.8(6.8) Polearms
 - Level 2.0(1.1) Throwing
 - Level 4.0(3.0) Dodging


You had 3 spell levels left.
You didn't know any spells.
Your spell library was empty.

Dungeon Overview and Level Annotations

Branches:
Dungeon (3/15)

Altars:
Qazlal


Message History

Unknown command.
The wight hits you from afar with a cursed +4 halberd.
You feel drained.
There is an open door here.
You reach to attack!
You barely miss the wight.
You reach to attack!
You closely miss the wight.
You reach to attack!
You barely miss the wight.
The wight hits you from afar with a cursed +4 halberd.
You feel drained.
You barely miss the wight. The wight misses you. The wight barely misses you.
You hit the wight but do no damage. You closely miss the wight.
The wight barely misses you. The wight closely misses you.
You hit the wight but do no damage.
The wight hits you from afar with a cursed +4 halberd!
* * * LOW HITPOINT WARNING * * *
You feel drained.
* * * LOW HITPOINT WARNING * * *
The wight hits you with a +5 mace.
You die...

#.......#### ##'####'###
#.####.....## #..........
#........#..## #.........†
########.##..#######..##.)
#.###.......#######
#..#####.##........ ##.#
#.##...##### #.##
#.##...##... #@.#
#.##...##... ##z##
#.######.... #z.# #.#
#.... ###'###.# #....
#....##.# #....
#####....##.# #....
#........##.# #....
#........##.# ##....
#........>#.# #.....


You could see 2 wights.

Vanquished Creatures
  3 adders (D:2)
  An ooze (D:1)
  4 worms (D:2)
  5 dart slugs
  A leopard gecko (D:2)
  A ball python (D:2)
  2 giant cockroaches
  5 goblins
  2 hobgoblins
  5 jackals
  5 kobolds
  2 quokkas (D:2)
  7 bats
  6 frilled lizards
  4 rats
53 creatures vanquished.

Notes
Turn   | Place    | Note
-------+----------+-------------------------------------------
     0 | D:1      | bastard the Merfolk Gladiator began the quest for the Orb.
     0 | D:1      | Reached XP level 1. HP: 16/16 MP: 1/1
    85 | D:1      | Reached skill level 5 in Polearms
    91 | D:1      | Reached XP level 2. HP: 18/22 MP: 2/2
   683 | D:1      | Reached skill level 6 in Polearms
   683 | D:1      | Reached XP level 3. HP: 27/27 MP: 3/3
  1223 | D:2      | Found a stormy altar of Qazlal.
  1262 | D:2      | Reached skill level 7 in Polearms
  1262 | D:2      | Reached XP level 4. HP: 14/33 MP: 4/4
  2020 | D:2      | Slain by a wight

Illustrated notes

Levels and vault maps discovered:
D:1:      dpeg_arrival_more_subterranean_lakeside_camping, layout_loops_cross
D:2:      minmay_chambers_of_twos, layout_basic,
          nicolae_qazlal_general_emergency
D:3:      layout_loops_ring, gup_sewer_entry_pipe, ebering_ghost_disaster_area,
          kennysheep_potato

Skill      XL: |  1  2  3 |
---------------+----------+-----
Polearms       | 5 6 7 |  7.8
Fighting       | |  2.1
Throwing       | |  2.0
Dodging        | |  4.0

Action                   |  1- 3 |  4- 6 || total
-------------------------+-------+-------++-------
Melee: Trident           |   115 |    87 ||   202
Throw: Throwing net      |       |     2 ||     2
  Use: Potion            |     2 |       ||     2
       Scroll            |       |     9 ||     9
 Stab: Sleeping          |     4 |     2 ||     6
       Held in net/web   |       |     3 ||     3
Armor: Leather armour    |    23 |    19 ||    42
Dodge: Dodged            |    95 |    38 ||   133

Table legend: (Time is in decaauts)
 A = Elapsed time spent in this place.
 B = Non-inter-level travel time spent in this place.
 C = Inter-level travel time spent in this place.
 D = Time resting spent in this place.
 E = Time spent auto-exploring this place.
 F = Levels seen in this place.
 G = Mean time per level.
                   A        B        C        D        E       F      G
               +--------+--------+--------+--------+--------+-----+--------+
         Total |   2010 |   1939 |     71 |      0 |   1594 |   3 |  670.0 |
       Dungeon |   2010 |   1939 |     71 |      0 |   1594 |   3 |  670.0 |
               +--------+--------+--------+--------+--------+-----+--------+

Top non-repeatable levels by time:
     D:2: 1064 daAuts
     D:1: 942 daAuts
     D:3: 2 daAuts
